cohdb
Replays
Latest Replays
All Replays
Popular Replays
Top Player Replays
Match Explorer
How It Works
Community
CoH3 Stats
Reddit
Sign in to upload your games and track your stats! →
Sign in with Steam
Match 46986315
Unlisted
Match 46986315
Overview
Messages
Build Orders
End
Kettenkrad Recon Vehicle
Construct Infanterie Kompanie
Grenadier Squad
MG 42 Machine Gun Team
Grenadier Squad
Medical Bunker
Selects Mechanized Battlegroup
Selects Raid Package
MG 42 Bunker
Forward Retreat Point
Construct Panzergrenadier Kompanie
MG 42 Machine Gun Team
Construct Panzer Kompanie
GrW 34 Mortar Team
Infanterie Officer Quarters
Selects StuG Assault Group
Selects UNKNOWN (2160084)
Panther Heavy Tank
Selects Spotting Scopes
Stoßtruppen Squad
Stoßtruppen Squad
Panzer Officer Quarters
Selects Stoßtruppen Assault Package
Selects Zeroing Artillery Barrage
Stoßtruppen Squad
Zeroing Artillery Barrage
Panther Heavy Tank
wolfskhy
OP_Nice
AZEMATEGHATEL
MuniekPL
Husar
Zmasowany
0
0
Comments
sign in to comment!
No comments posted yet!